AoeStats
← Byronandres6

Coastal Forest

510934847Analyzed
4v4 RM · 13h ago on Oct 3, 2026· 52m 36s· 8 players
Game mode
Random Map
Map size
Large (8 player)
Population
200
Speed
Normal
Resources
Standard
Victory
Conquest
Starting age
Dark Age
Ending age
Imperial Age
RankedLock teamsTeams togetherTeam positionsShared explorationLock speedFull tech treeHidden civsTurbo modeCheats
Victory
Defeat
🇦🇺 Portuguese · Australia
616
+16
🇺🇸 Inca · United States
505
+13
🇺🇸 Franks · United States
464
+15
🇺🇸 Koreans · United States
423
+17
🇻🇳 Portuguese · Vietnam
527
-17
🇲🇽 Franks · Mexico
458
-14
🇨🇳 Spanish · China
418
-12
🇪🇨 Franks · Ecuador
386
-11
Byronandres6
Marco 1985 MÉXICO City
4:25 Loom
14:39 Feudal Age
16:15 Wheelbarrow
15:29 Double-Bit Axe
16:52 Town Watch
20:14 Fishing Lines
20:49 Stone Mining
21:00 Gold Mining
35:21 Scale Barding Armor
42:04 Castle Age
42:49 Squires
42:09 Pikeman
45:32 Husbandry
46:31 Gold Shaft Mining
46:21 Chain Barding Armor
47:40 Hand Cart
DorsalMold8400
28:30 Feudal Age
30:22 Double-Bit Axe
30:21 Horse Collar
30:34 Gold Mining
31:24 Wheelbarrow
31:58 Fishing Lines
32:33 Loom
34:07 Town Watch
41:59 Castle Age
39:35 Man-at-Arms
43:15 Bow Saw
43:08 Heavy Plow
43:02 Stone Mining
44:16 Gambesons
45:00 Hand Cart
45:15 Gillnets
44:55 Long Swordsman
52:22 Imperial Age
52:06 Padded Archer Armor
52:07 Scale Mail Armor
掰开腿饮水
0:55 Loom
12:15 Feudal Age
12:55 Town Watch
13:19 Man-at-Arms
18:07 Double-Bit Axe
19:07 Wheelbarrow
25:44 Castle Age
24:50 Gold Mining
26:49 Horse Collar
31:57 Stone Mining
33:17 Husbandry
32:51 Long Swordsman
TenderCrust5
8:23 Loom
10:23 Feudal Age
17:48 Double-Bit Axe
22:02 Castle Age
21:11 Horse Collar
23:09 Stone Mining
23:11 Gold Mining
23:51 Bow Saw
23:11 Crossbowman
27:34 Fletching
28:34 Thumb Ring
32:27 Bodkin Arrow
39:21 Imperial Age
38:10 Eupseong
40:15 Ballistics
40:52 Pikeman
41:51 Arbalester
42:36 Bracer
43:04 Elite War Wagon
44:50 Chemistry
44:56 Halberdier
49:00 Elite Fire Lancer
Jarvis
2:37 Loom
13:46 Feudal Age
17:05 Wheelbarrow
20:17 Arson
24:42 Castle Age
25:53 Husbandry
27:01 Scale Barding Armor
26:49 Fletching
27:15 Double-Bit Axe
30:05 Chain Barding Armor
29:56 Forging
31:02 Caravan
31:20 Stone Mining
32:28 Fervor
37:18 Hand Cart
41:46 Ordonnance Companies
43:47 Murder Holes
44:12 Ballistics
46:36 Imperial Age
49:04 Conscription
48:46 Chivalry
48:07 Elite Throwing Axeman
49:28 Plate Barding Armor
49:29 Iron Casting
48:50 Bodkin Arrow
48:55 Padded Archer Armor
49:25 Scale Mail Armor
49:44 Padded Archer Armor
49:45 Scale Mail Armor
Biscuit
0:49 Loom
16:13 Feudal Age
17:54 Double-Bit Axe
19:16 Town Watch
19:48 Scale Mail Armor
20:24 Arson
19:59 Champi Runner
21:18 Horse Collar
21:46 Stone Mining
25:25 Forging
26:24 Wheelbarrow
28:53 Castle Age
27:51 Gold Mining
33:23 Champi Warrior
34:05 Squires
34:47 Heavy Plow
34:58 Bow Saw
35:24 Gold Shaft Mining
35:24 Stone Shaft Mining
34:50 Pikeman
36:05 Chain Mail Armor
36:26 Iron Casting
36:05 Pikeman
37:27 Treadmill Crane
37:45 Murder Holes
38:00 Fortified Wall
37:41 Guard Tower
38:02 Masonry
38:14 Ballistics
44:47 Redemption
44:58 Sanctity
44:38 Devotion
AIDOS
Connection lost

Rejoining the realm…

Still unreachable

The connection could not be restored.

Session expired

The server has moved on; the page needs a fresh start.